 Dungeon Crawl Stone Soup version 0.30-a0-748-ge6a52f7cba (webtiles) character file.

Game seed: 245261606188299516

203 Leeroy the Slasher (level 5, -1/27 HPs)
             Began as a Vine Stalker Warper on Feb 8, 2023.
             Slain by an orc
             ... wielding a +0 club
              (3 damage)
             ... on level 3 of the Dungeon.
             The game lasted 00:02:09 (1779 turns).

Leeroy the Slasher (Vine Stalker Warper)            Turns: 1779, Time: 00:02:10

Health: -1/27      AC:  3    Str: 14    XL:     5   Next: 81%
Magic:  0/18       EV: 11    Int: 13    God:
Gold:   150        SH:  0    Dex: 15    Spells: 3/8 levels left

rFire   . . .      SeeInvis .    s - +2 short sword (flame)
rCold   + . .      Faith    .    (no shield)
rNeg    . . .      Spirit   +    b - +0 leather armour
rPois   .          Reflect  .    (no helmet)
rElec   .          Harm     .    (no cloak)
rCorr   .          Rampage  .    (no gloves)
Will    .....                    (no boots)
Stlth   +                        (no amulet)
HPRegen 1.04/turn                l - ring of magical power
MPRegen 0.16/turn                t - ring of protection from cold

@: no status effects
A: fangs 2, regeneration 1, magic shield, antimagic bite, no potion heal 2
a: no special abilities


You were on level 3 of the Dungeon.
You visited 1 branch of the dungeon, and saw 3 of its levels.

You collected 150 gold pieces.

Inventory:

Hand Weapons
 a - a +0 falchion
 e - a +0 long sword
 s - a +2 short sword of flaming (weapon)
Missiles
 d - 7 boomerangs of dispersal (quivered)
Armour
 b - a +0 leather armour (worn)
 q - a +0 scale mail
Jewellery
 l - a ring of magical power (left hand)
 t - a ring of protection from cold (right hand)
Scrolls
 c - 2 scrolls of blinking
 g - a scroll of identify {unknown}
 h - 2 scrolls of vulnerability {unknown}
 j - a scroll of noise {unknown}
 k - 4 scrolls of teleportation {unknown}
 n - a scroll of fear {unknown}
 p - a scroll of enchant armour {unknown}
Potions
 f - a potion of attraction {unknown}
 i - a potion of curing {unknown}
 m - a potion of heal wounds {unknown}
 o - 2 potions of berserk rage {unknown}
 r - a potion of haste {unknown}


   Skills:
 + Level 2.4 Fighting
 - Level 5.0 Long Blades
 - Level 0.8 Throwing
 - Level 0.7 Armour
 - Level 1.5 Dodging
 - Level 2.1 Spellcasting
 - Level 3.0 Translocations


You had 3 spell levels left.
You knew the following spells:

 Your Spells              Type           Power      Damage    Failure   Level
a - Blink                 Tloc           18%        N/A       14%         2
b - Vhi's Electric Charg  Tloc/Air       10%        N/A       45%         3

Your spell library contained the following spells:

 Spells                   Type           Power      Damage    Failure   Level
 Lesser Beckoning         Tloc           18%        N/A       14%         2
 Teleport Other           Tloc           9%         N/A       28%         3
 Manifold Assault         Tloc           9%         N/A       67%         4


Dungeon Overview and Level Annotations

Branches:
Dungeon (3/15)

Altars:


Innate Abilities, Weirdness & Mutations

You have extremely sharp teeth.
Your natural rate of healing is unusually fast.
When hurt, damage is shared between your health and your magic reserves.
Your bite disrupts and absorbs the magic of your enemies.
Potions cannot restore your health.


Message History

The orc hits you with a +0 club.
The orc priest shouts!
You hit the orc priest. You burn the orc priest. You bite the orc priest.
You drain its power.
You feel invigorated.
The orc priest is heavily wounded.
You barely miss the orc priest. Your bite misses the orc priest.
The orc priest is heavily wounded.
The orc hits you with a +0 short sword. The orc hits you with a +0 club.
The orc priest hits you with a +0 short sword.
You are too injured to fight recklessly!
You are too injured to fight recklessly!
You are too injured to fight recklessly!
You hit the orc priest. You burn the orc priest.
The orc priest is almost dead.
The orc hits you with a +0 short sword.
The orc priest calls down the wrath of Beogh upon you.
Beogh smites you!
* * * LOW HITPOINT WARNING * * *
The orc hits you but does no damage.
You closely miss the orc priest.
The orc priest is almost dead.
The orc priest hits you but does no damage.
The orc priest invokes the aid of Beogh against you.
Beogh smites you!
* * * LOW HITPOINT WARNING * * *
The orc hits you with a +0 short sword.
* * * LOW HITPOINT WARNING * * *
The orc barely misses you.
You closely miss the orc priest. Your bite misses the orc priest.
The orc priest is almost dead.
The orc priest barely misses you. The orc hits you but does no damage. x2
You puncture the orc priest! You burn the orc priest.
You kill the orc priest!
The orc misses you.
Your Fighting skill increases to level 2!
You hit the orc but do no damage. You bite the orc, but do no damage.
The orc hits you with a +0 short sword.
* * * LOW HITPOINT WARNING * * *
The orc hits you with a +0 club.
You die...

#.#.....# .....
........##......
#..............
#..............
##..............
.....o.........
#..)o....# #..o@....#
#..##.)..# ##.##....#
#...##### ##### ###...#
###....
#.######.########...###
#.................###
########.#####..###
#..# #.##


You could see an orc priest and 2 orcs.

Vanquished Creatures
  3 orc priests (D:3)
  An orc wizard (D:3)
  2 adders (D:2)
  A worm (D:3)
  2 orcs (D:3)
  5 endoplasms
  5 giant cockroaches
  5 goblins
  5 hobgoblins (D:1)
  4 jackals (D:2)
  5 kobolds
  5 quokkas
  8 ball pythons
  4 bats
  3 frilled lizards
  3 rats (D:2)
61 creatures vanquished.

Notes
Turn   | Place    | Note
-------+----------+-------------------------------------------
     0 | D:1      | Leeroy the Vine Stalker Warper began the quest for the Orb.
     0 | D:1      | Reached XP level 1. HP: 11/11 MP: 4/4
    19 | D:1      | Reached skill level 2 in Long Blades
    89 | D:1      | Reached XP level 2. HP: 7/15 MP: 3/6
   304 | D:1      | Reached skill level 3 in Long Blades
   331 | D:1      | Reached XP level 3. HP: 11/18 MP: 3/7
   973 | D:2      | Gained mutation: Your natural rate of healing is unusually
                  | fast. [Vine Stalker growth]
   973 | D:2      | Reached XP level 4. HP: 23/23 MP: 8/8
  1047 | D:2      | Learned a level 2 spell: Blink
  1051 | D:2      | Learned a level 3 spell: Vhi's Electric Charge
  1153 | D:2      | Reached skill level 4 in Long Blades
  1517 | D:3      | Reached XP level 5. HP: 10/26 MP: 2/9
  1525 | D:3      | Reached skill level 5 in Long Blades
  1779 | D:3      | Slain by an orc

Illustrated notes

Levels and vault maps discovered:
D:1:      minmay_arrival_four_houses, layout_rooms, dreamdust_wishing_well
D:2:      layout_basic
D:3:      layout_basic, serial_shops, shop

Skill      XL: |  1  2  3  4  5 |
---------------+----------------+-----
Long Blades    | 2 3 4 5 |  5.0
Fighting       | 2 |  2.4
Throwing       | |  0.8
Armour         | |  0.7
Dodging        | |  1.5
Spellcasting   | |  2.1
Translocations | |  3.0

Action                     |  1- 3 |  4- 6 || total
---------------------------+-------+-------++-------
  Melee: Falchion          |    12 |       ||    12
         Long sword        |    80 |    55 ||   135
         Bite              |    12 |    20 ||    32
         Short sword       |       |    14 ||    14
   Stab: Sleeping          |     2 |       ||     2
 Armour: Leather armour    |    34 |    12 ||    46
  Dodge: Dodged            |    72 |    34 ||   106

Table legend: (Time is in decaauts)
 A = Elapsed time spent in this place.
 B = Non-inter-level travel time spent in this place.
 C = Inter-level travel time spent in this place.
 D = Time resting spent in this place.
 E = Time spent auto-exploring this place.
 F = Levels seen in this place.
 G = Mean time per level.
                   A        B        C        D        E       F      G
               +--------+--------+--------+--------+--------+-----+--------+
         Total |   1808 |   1770 |     38 |     84 |   1303 |   3 |  602.7 |
       Dungeon |   1808 |   1770 |     38 |     84 |   1303 |   3 |  602.7 |
               +--------+--------+--------+--------+--------+-----+--------+

Top non-repeatable levels by time:
     D:2: 766 daAuts
     D:1: 744 daAuts
     D:3: 298 daAuts
